cohdb
Replays
Latest Replays
All Replays
Popular Replays
Top Player Replays
Match Explorer
How It Works
Community
CoH3 Stats
Reddit
Sign in to upload your games and track your stats! →
Sign in with Steam
Match 43495903
Unlisted
Match 43495903
Overview
Messages
Build Orders
End
Engineer Squad
Construct Barracks
Riflemen Squad
Selects Armored Battlegroup
Selects Veteran Crews
1⁄4-ton 4x4 Truck
Riflemen Squad
Riflemen Squad
Construct Medical Station
Mechanized Support Center
Mortar Pit
Construct Motor Pool
M8 Greyhound Armored Car
Selects Fast Deploy
hellofr13nd
insanepiglet
Symbiosis
CAuMOH
0
0
Comments
sign in to comment!
No comments posted yet!